 Dungeon Crawl Stone Soup version 0.31-a0-1227-g0136665373 (webtiles) character file.

Game seed: 1364619101913274058

23 Darkkill the Shooter (level 2, 0/3 HPs)
             Began as a Minotaur Hunter on Dec 14, 2023.
             Frozen to death by an endoplasm (3 damage)
             ... on level 2 of the Dungeon.
             The game lasted 00:00:56 (987 turns).

Darkkill the Shooter (Minotaur Hunter)               Turns: 987, Time: 00:00:56

Health: 0/3        AC:  2    Str: 19 (20) XL:     2   Next: 75%
Magic:  1/1        EV: 10    Int:  4 (6)  God:
Gold:   17         SH:  0    Dex: 11 (13) Spells: 1/1 levels left

rFire   . . .        a - melded +0 shortbow
rCold   . . .        (shield currently unavailable)
rNeg    . . .        c - melded +0 leather armour
rPois   +            (helmet currently unavailable)
rElec   .            (cloak currently unavailable)
rCorr   .            (gloves currently unavailable)
SInv    .            (boots currently unavailable)
Will    .....        (no amulet)
Stlth   ++           (no ring)
HPRegen 0.20/turn    (no ring)
MPRegen 0.07/turn

%: no passive effects
@: snake-form
A: constrict, reduced hp, large, (horns 2), (retaliatory headbutt)
a: Begin Untransformation


You were on level 2 of the Dungeon.
You were an enormous serpent.
You visited 1 branch of the dungeon, and saw 2 of its levels.

You collected 17 gold pieces.

Inventory:

Hand Weapons
 a - a +0 shortbow (melded)
Missiles
 f - 5 boomerangs
Armour
 c - a +0 leather armour (melded)
Jewellery
 h - a ring of positive energy
Talismans
 d - a serpent talisman (active)
Scrolls
 b - a scroll of butterflies
Potions
 i - 2 potions of attraction


   Skills:
 + Level 2.9 Fighting
 + Level 4.6 Ranged Weapons
 + Level 2.6 Dodging
 + Level 1.3 Stealth


You had one spell level left.
You didn't know any spells.
Your spell library contained the following spells:

 Spells                   Type           Power      Damage    Failure   Level
 Chain Lightning          Conj/Air       0%         N/A       100%        9
 Fire Storm               Conj/Fire      0%         5d1       100%        9
 Shatter                  Erth           0%         3d5*      100%        9


Dungeon Overview and Level Annotations

Branches:
Dungeon (2/15)

Altars:

Shops:
D:1 *


Innate Abilities, Weirdness & Mutations

You are an enormous serpent.
You have a powerful constriction melee attack.
Your maximum health is decreased, since you lack skill for your form.
Your armour is entirely melded.
You are incapable of wielding weapons or throwing items.
((You have a pair of horns on your head.))
((You reflexively headbutt those who attack you in melee.))


Message History

The arrow hits the goblin but does no damage.
The goblin shouts!
A ball python comes into view.
There are monsters nearby!
You shoot an arrow. The arrow closely misses the goblin.
The ball python hisses angrily.
An endoplasm comes into view.
You shoot an arrow. The arrow closely misses the goblin.
The endoplasm quivers.
There are monsters nearby!
You shoot an arrow. The arrow hits the goblin!
You kill the goblin!
There are monsters nearby!
You shoot an arrow. The arrow hits the ball python.
You kill the ball python!
An endoplasm is nearby!
You shoot an arrow. The arrow hits the endoplasm.
The endoplasm is almost dead.
An endoplasm is nearby!
You shoot an arrow. The arrow hits the endoplasm.
You kill the endoplasm!
Things that are here:
a +0 club; a goblin corpse
i - a lumpy black potion No target in view!
j - a grey potion No target in view!
A hobgoblin comes into view.
You shoot an arrow. The arrow hits the hobgoblin!
You kill the hobgoblin!
A quokka comes into view.
You shoot an arrow. The arrow barely misses the quokka.
A quokka is nearby!
A quokka is nearby!
You shoot an arrow. The arrow barely misses the quokka.
You shoot an arrow. The arrow hits the quokka!
You kill the quokka!
You see here a quokka corpse.
You see here a quokka corpse.
You now have 17 gold pieces (gained 14).
You see here a quokka corpse.
You see here a +2 whip of pain.
Found a serpent talisman.
i - 2 lumpy black potions (gained 1)
You see here a serpent talisman.
You see here a +4 hand axe of venom.
Partly explored, can't reach some places.
No target in view!
No target in view!
Partly explored, can't reach some places.
No target in view!
Partly explored, can't reach some places.
No target in view!
Partly explored, can't reach some places.
No target in view!
Partly explored, can't reach some places.
No target in view!
Partly explored, can't reach some places.
As you read the scroll labelled RIZOIN HE OTAT, it crumbles to dust.
It is a scroll of identify.
i - 2 potions of attraction It was a potion of brilliance.
You feel clever all of a sudden.
It was a potion of degeneration.
There was something very wrong with that liquid.
You feel weakened.
You feel dopey.
You feel clumsy.
It was a potion of haste.
You feel yourself speed up.
You start waiting.
Your extra speed is starting to run out.
You start waiting.
You feel yourself slow down.
You start waiting.
You feel a little less clever now.
You start waiting.
Done waiting.
You start waiting.
Done waiting.
Unknown command.
You see here a serpent talisman.
d - a serpent talisman You begin transforming.
You continue transforming. x3
You turn into an enormous serpent.
Your +0 shortbow melds into your body.
Your +0 leather armour melds into your body.
HP restored.
Partly explored, can't reach some places.
There is a stone staircase leading down here.
You climb downwards.
The ball python hisses angrily. x2; The adder hisses angrily.
Found four items.
Found a stone staircase leading up.
There is a stone staircase leading up here.
Found a scroll labelled JENNIJ PUCVA.
You hit the bat. Your grab misses the bat.
The bat is moderately wounded.
The bat closely misses you. The bat barely misses you.
The bat hits you but does no damage. The ball python closely misses you.
The adder attacks as it pursues you! The adder barely misses you.
The endoplasm freezes you.
You are frozen.
Ouch! That really hurt!
You die...

#.# ...
...#######..
.........?.# .#
...........##.#
..............#
#.....b......$.
#.....J........
##....JS.......
#.....SS..J....
..[............
...............
..#.S..<.......
=..............
!...........###
##.........##
..#..........


You could see an adder, 3 endoplasms, a bat and 2 ball pythons.

Vanquished Creatures
  4 ball pythons (D:1)
  2 endoplasms (D:1)
  2 goblins (D:1)
  3 hobgoblins (D:1)
  A kobold (D:1)
  3 quokkas (D:1)
  2 bats (D:1)
  A frilled lizard (D:1)
  2 rats (D:1)
20 creatures vanquished.

Notes
Turn   | Place    | Note
-------+----------+-------------------------------------------
     0 | D:1      | Darkkill the Minotaur Hunter began the quest for the Orb.
     0 | D:1      | Reached XP level 1. HP: 18/18 MP: 0/0
   104 | D:1      | Found Fycyntel's Assorted Antiques.
   120 | D:1      | Reached skill level 1 in Stealth
   190 | D:1      | Reached XP level 2. HP: 25/25 MP: 1/1
   987 | D:2      | Frozen to death by an endoplasm

Illustrated notes

Levels and vault maps discovered:
D:1:      dpeg_arrival_lava_altar, layout_loops_cross, serial_shops,
          nicolae_shop_gibbet_a_chance
D:2:      layout_rooms

Skill      XL: |  1 |
---------------+----+-----
Stealth        | 1 |  1.3
Fighting       | |  2.9
Ranged Weapons | |  4.6
Dodging        | |  2.6

Action                     || total
---------------------------++-------
  Melee: Unarmed           ||     1
   Fire: Shortbow          ||    44
    Use: Potion            ||     3
         Scroll            ||     1
 Armour: Leather armour    ||     6
         Skin              ||     1
  Dodge: Dodged            ||    19
   Form: Serpent           ||     1

Table legend: (Time is in decaauts)
 A = Elapsed time spent in this place.
 B = Non-inter-level travel time spent in this place.
 C = Inter-level travel time spent in this place.
 D = Time resting spent in this place.
 E = Time spent auto-exploring this place.
 F = Levels seen in this place.
 G = Mean time per level.
                   A        B        C        D        E       F      G
               +--------+--------+--------+--------+--------+-----+--------+
         Total |    981 |    889 |     92 |    254 |    514 |   2 |  490.5 |
       Dungeon |    981 |    889 |     92 |    254 |    514 |   2 |  490.5 |
               +--------+--------+--------+--------+--------+-----+--------+

Top non-repeatable levels by time:
     D:1: 977 daAuts
     D:2: 4 daAuts

Levels and vault maps discovered:
D:1:      dpeg_arrival_lava_altar, layout_loops_cross, serial_shops,
          nicolae_shop_gibbet_a_chance
D:2:      layout_rooms

Table legend: (Time is in decaauts)
 A = Elapsed time spent in this place.
 B = Non-inter-level travel time spent in this place.
 C = Inter-level travel time spent in this place.
 D = Time resting spent in this place.
 E = Time spent auto-exploring this place.
 F = Levels seen in this place.
 G = Mean time per level.
                   A        B        C        D        E       F      G
               +--------+--------+--------+--------+--------+-----+--------+
         Total |    981 |    889 |     92 |    254 |    514 |   2 |  490.5 |
       Dungeon |    981 |    889 |     92 |    254 |    514 |   2 |  490.5 |
               +--------+--------+--------+--------+--------+-----+--------+

Top non-repeatable levels by time:
     D:1: 977 daAuts
     D:2: 4 daAuts

Table legend:
 A = Kills in this place as a percentage of kills in the entire game.
 B = Kills by you in this place as a percentage of kills by you in the entire game.
 C = Kills by friends in this place as a percentage of kills by friends in the entire game.
 D = Other kills in this place as a percentage of other kills in the entire game.
 E = Experience gained in this place as a percentage of experience gained in the entire game.
 F = Experience gained in this place divided by the number of levels of this place that you have seen.
                   A       B       C       D       E      F
               +-------+-------+-------+-------+-------+----------------------
         Total | 100.0 | 100.0 |   N/A |   N/A | 100.0 |  17.0
       Dungeon | 100.0 | 100.0 |   N/A |   N/A | 100.0 |  17.0
               +-------+-------+-------+-------+-------+----------------------
